 Dungeon Crawl Stone Soup version 0.16.2-12-gd0ad4c3 (webtiles) character file.

6781 Ordine the Thaumaturge (level 11, -8/63 HPs)
             Began as a Gargoyle Earth Elementalist on Sept 28, 2015.
             Was an Elder of Vehumet.
             Killed by the air
             ... invoked by Gastronok
              (28 damage)
             ... on level 10 of the Dungeon.
             The game lasted 01:51:55 (13177 turns).

Ordine the Thaumaturge (GrEE)                      Turns: 13177, Time: 01:51:56

Health: -8/63      AC: 21    Str: 11    XL:     11   Next: 5%
Magic:  1/27       EV: 13    Int: 22    God:    Vehumet [****..]
Gold:   521        SH:  0    Dex: 10    Spells: 6 memorised, 6 levels left

rFire  + . .     SeeInvis .     B - +1 flail (protect)
rCold  . . .     Clarity  .     L - +2 robe {rF+}
rNeg   + . .     SustAb   .     (no shield)
rPois  ∞         Gourm    .     u - +0 helmet
rElec  +         Spirit   .     (no cloak)
rCorr  .         Warding  .     y - +0 pair of gloves
rMut   .         Stasis   +     (no boots)
MR     .....                    O - amulet of stasis
Stlth  ++........               q - +2 ring of protection
                                g - +2 ring of intelligence

@: not resistant to hostile enchantments, unstealthy
A: negative energy resistance 1, electricity resistance, unbreathing,
petrification resistance, rot immunity, AC +7
a: Renounce Religion


You were on level 10 of the Dungeon.
You worshipped Vehumet.
Vehumet was greatly pleased with you.
You were not hungry.

You visited 2 branches of the dungeon, and saw 11 of its levels.
You also visited: Sewer.

You collected 521 gold pieces.

Inventory:

Hand weapons
 B - a +1 flail of protection (weapon)
 K - the +8 short sword of War {venom, rC+ rN+ Str+2 Int-5}
   (You found it on level 7 of the Dungeon)

   It poisons the flesh of those it strikes.
   It affects your strength (+2).
   It affects your intelligence (-5).
   It protects you from cold.
   It protects you from negative energy.
Armour
 u - a +0 helmet (worn)
 y - a +0 pair of gloves (worn)
 L - a +2 robe of fire resistance (worn)
Magical staves
 Q - an uncursed staff of wizardry
Jewellery
 c - a +2 ring of dexterity
 g - a +2 ring of intelligence (left hand)
 q - a +2 ring of protection (right hand)
 O - an amulet of stasis (around neck)
 S - an uncursed ring of stealth
Magical devices
 b - a wand of magic darts (12)
 e - a wand of flame (5)
 f - a wand of slowing (46)
 N - a wand of paralysis (14)
 R - a wand of random effects (22)
Scrolls
 h - 2 scrolls of recharging
 j - a scroll of teleportation
 t - 2 scrolls of enchant armour
 v - 2 scrolls of remove curse
 x - a scroll of amnesia
 A - 2 scrolls of fear
 U - a scroll of magic mapping
Potions
 i - 3 potions of curing
 m - a potion of heal wounds
 n - 3 potions of restore abilities
 o - a potion of haste
 r - a potion of resistance
 z - a potion of agility
 C - a potion of flight
 D - a potion of cure mutation
 H - a potion of might
 J - a potion of brilliance
 M - a potion of lignification {unknown}
 P - 2 potions of mutation {unknown}
 T - a potion of magic {unknown}
Books
 d - a book of Geomancy

   Spells                             Type                      Level
   a - Sandblast                      Earth                        1
   b - Stoneskin                      Transmutation/Earth          2
   c - Passwall                       Transmutation/Earth          3
   d - Stone Arrow                    Conjuration/Earth            3
   e - Petrify                        Transmutation/Earth          4
   f - Lee's Rapid Deconstruction     Earth                        5
 l - a book of the Dragon

   Spells                             Type                      Level
   a - Flight                         Charms/Air                   3
   b - Cause Fear                     Hexes                        4
   c - Bolt of Fire                   Conjuration/Fire             6
   d - Dragon Form                    Transmutation                7
   e - Dragon's Call                  Summoning                    9
 w - a book of Flames

   Spells                             Type                      Level
   a - Flame Tongue                   Conjuration/Fire             1
   b - Throw Flame                    Conjuration/Fire             2
   c - Conjure Flame                  Conjuration/Fire             3
   d - Inner Flame                    Hexes/Fire                   3
   e - Sticky Flame                   Conjuration/Fire             4
   f - Fireball                       Conjuration/Fire             5
 E - a Young Poisoner's Handbook

   Spells                             Type                      Level
   a - Sting                          Conjuration/Poison           1
   b - Cure Poison                    Poison                       2
   c - Mephitic Cloud                 Conjuration/Poison/Air       3
   d - Olgreb's Toxic Radiance        Poison                       4
   e - Venom Bolt                     Conjuration/Poison           5
 G - a book of the Tempests

   Spells                             Type                      Level
   a - Static Discharge               Conjuration/Air              3
   b - Lightning Bolt                 Conjuration/Air              5
   c - Fireball                       Conjuration/Fire             5
   d - Tornado                        Air                          9
   e - Shatter                        Earth                        9
Comestibles
 a - 13 bread rations
 k - a royal jelly
 p - 8 slices of pizza
 s - 2 beef jerkies
 F - 2 meat rations
 I - 3 fruits
 V - 6 chunks of flesh


   Skills:
 + Level 5.1 Fighting
 + Level 5.0 Maces & Flails
 + Level 5.0 Armour
 + Level 4.2 Dodging
 - Level 2.1 Stealth
 * Level 8.1 Spellcasting
 + Level 6.2 Conjurations
 - Level 0.7 Transmutations
 + Level 4.3 Fire Magic
 + Level 8.1 Earth Magic
 + Level 3.3 Evocations


You had 6 spell levels left.
You knew the following spells:

 Your Spells              Type           Power        Failure   Level  Hunger
a - Sandblast             Erth           #####.       1%          1    None
b - Stoneskin             Trmt/Erth      ####....     1%          2    None
c - Stone Arrow           Conj/Erth      #####.       1%          3    None
d - Lee's Rapid Deconstr  Erth           #####.....   2%          5    #####..
e - Sticky Flame          Conj/Fire      ####....     3%          4    ###....
f - Bolt of Magma         Conj/Fire/Erth #####.....   4%          5    #####..


Dungeon Overview and Level Annotations

Branches:
Dungeon (10/15)            Temple (1/1) D:4             Orc (0/4) D:10
   Lair: D:8-11

Altars:
Ashenzari
Cheibriados
Dithmenos
Elyvilon
Fedhas
Gozag
Kikubaaqudgha
Makhleb
Nemelex Xobeh
Okawaru
Qazlal
Ru
Sif Muna
Trog
Vehumet
Xom
Yredelemnul
Zin
The Shining One

Shops:
D:7 :}:%!

Annotations:
D:10 Gastronok


Innate Abilities, Weirdness & Mutations

You are resistant to torment.
You are immune to poison.
Your stone body is very resilient (AC +7).
You resist negative energy.
You are resistant to electric shocks.
You can survive without breathing.
You are immune to petrification.
You are immune to rotting.


Message History

Gastronok is severely wounded.
The bat hits you but does no damage. The bat barely misses you.
The rat bites you but does no damage. Gastronok bites you.
You hit Gastronok.
Gastronok is severely wounded.
The bat completely misses you. The bat hits you but does no damage.
The bat hits you but does no damage. The rat barely misses you.
The bat hits you but does no damage.
You barely miss Gastronok.
Gastronok is severely wounded.
The bat barely misses you. The bat closely misses you.
The rat bites you but does no damage.
Gastronok's eyestalks quiver as he mumbles some strange words.
The bat misses you.
The bat disappears in a puff of smoke! x2
The rat bites you but does no damage. The bat misses you.
The quokka closely misses you.
Gastronok waves his eye-stalks in wide circles.
The air twists around and strikes you!
You die...

############## ...
#.............. #...
#................ #...
#.................
#...#####..r...............
#........wrb@............. .
###........§.r............####.
............#####..........#..#.
............# #..........+..#.
............# #..........#..#.
############## #.....##'#+#..##
. #.....#........# #
#.....#........' ###
#.....#........#


You could see Gastronok, a quokka, a bat and 2 rats.

Vanquished Creatures
  Pikel (D:7)
  An ugly thing (D:10)
  A gargoyle (D:10)
  2 trolls (D:10)
  The ghost of Musteatbrain the Skirmisher, an average DsFi (D:4)
  Prince Ribbit (D:5)
  A human (D:8)
  Eustachio (D:8)
  2 hippogriffs
  A mottled dragon (D:10)
  Edmund (D:5)
  A water moccasin (D:10)
  An ice beast (D:6)
  An orc warrior (D:10)
  A phantom (D:9)
  A wasp (D:8)
  7 ogres
  2 centaurs
  Sigmund (D:2)
  Duvessa (D:5)
  A big kobold (Sewer)
  2 giant frogs
  3 scorpions
  A wyvern skeleton (D:9)
  4 wights (D:7)
  7 killer bees
  2 vampire bats (D:7)
  A goliath beetle (D:6)
  3 crimson imps
  Dowan (D:6)
  A giant frog zombie (D:5)
  2 jellies
  2 gnoll shamans
  8 orc priests
  6 hounds
  A giant frog skeleton (D:4)
  10 orc wizards
  An iguana (D:10)
  7 worker ants
  A killer bee zombie (D:5)
  4 sheep (D:8)
  8 adders
  3 river rats (Sewer)
  2 shadow imps
  17 gnolls
  4 giant mites
  5 worms
  An adder skeleton (D:5)
  8 giant geckos
  23 orcs
  A ball python (D:3)
  3 bat skeletons (D:7)
  4 bat zombies
  3 giant cockroaches
  7 goblins
  16 hobgoblins
  7 jackals
  8 quokkas
  17 bats
  A giant gecko skeleton (D:8)
  8 giant newts
  A giant spore (D:8)
  17 kobolds
  17 rats
  2 butterflies (D:9)
280 creatures vanquished.

Vanquished Creatures (others)
  A slave (D:7)
  A giant frog skeleton (D:7)
  A worker ant (D:7)
3 creatures vanquished.

Grand Total: 283 creatures vanquished

Notes
Turn   | Place    | Note
--------------------------------------------------------------
     0 | D:1      | Ordine, the Gargoyle Earth Elementalist, began the quest for the Orb.
     0 | D:1      | Reached XP level 1. HP: 10/10 MP: 3/3
   238 | D:1      | Reached XP level 2. HP: 15/15 MP: 5/5
   242 | D:1      | Learned a level 2 spell: Stoneskin
   802 | D:2      | Reached skill level 4 in Earth Magic
   802 | D:2      | Reached XP level 3. HP: 19/19 MP: 0/6
   810 | D:2      | Learned a level 3 spell: Stone Arrow
  1216 | D:2      | Reached skill level 1 in Conjurations
  1233 | D:2      | Reached XP level 4. HP: 7/24 MP: 1/9
  1535 | D:2      | Found a snail-covered altar of Cheibriados.
  1613 | D:2      | Found a sparkling altar of Nemelex Xobeh.
  1613 | D:2      | Noticed Sigmund
  1626 | D:2      | Killed Sigmund
  1626 | D:2      | Reached XP level 5. HP: 17/28 MP: 6/12
  1636 | D:2      | Learned a level 5 spell: Lee's Rapid Deconstruction
  2541 | D:3      | Reached skill level 5 in Earth Magic
  2625 | D:3      | HP: 1/28 [killer bee (2)]
  2646 | D:3      | Reached XP level 6. HP: 12/32 MP: 13/15
  3077 | D:4      | Noticed Musteatbrain's ghost (average DsFi)
  3437 | D:4      | Reached XP level 7. HP: 14/37 MP: 14/18
  4091 | D:4      | Killed Musteatbrain's ghost
  4091 | D:4      | Reached skill level 1 in Fighting
  4091 | D:4      | Reached skill level 1 in Maces & Flails
  4091 | D:4      | Reached skill level 1 in Armour
  4091 | D:4      | Reached skill level 5 in Spellcasting
  4537 | D:4      | Learned a level 4 spell: Sticky Flame
  4787 | D:4      | Found a staircase to the Ecumenical Temple.
  4805 | Temple   | Entered the Ecumenical Temple
  4856 | Temple   | Became a worshipper of Vehumet
  4911 | D:5      | Entered Level 5 of the Dungeon
  4914 | D:5      | Noticed Prince Ribbit
  4922 | D:5      | Reached XP level 8. HP: 31/44 MP: 9/20
  4927 | D:5      | Killed Prince Ribbit
  4927 | D:5      | Reached skill level 1 in Fire Magic
  4927 | D:5      | Reached skill level 6 in Earth Magic
  5424 | D:5      | Noticed Edmund
  5431 | D:5      | Killed Edmund
  5431 | D:5      | Reached skill level 1 in Evocations
  5465 | D:5      | Acquired Vehumet's first power
  5465 | D:5      | Offered knowledge of Magic Dart by Vehumet.
  6579 | D:6      | Noticed Duvessa
  6579 | D:6      | Noticed Dowan
  6582 | D:6      | Killed Dowan
  6624 | D:5      | Killed Duvessa
  7229 | D:6      | Found a glowing drain.
  7248 | Sewer    | Entered a sewer
  7557 | Sewer    | Reached XP level 9. HP: 48/50 MP: 1/22
  7783 | Sewer    | Found a white marble altar of Elyvilon.
  8526 | D:6      | Found a shattered altar of Ashenzari.
  8605 | D:6      | Offered knowledge of Throw Frost by Vehumet.
  8850 | D:6      | Reached skill level 5 in Conjurations
  9212 | D:7      | Noticed Pikel
  9221 | D:7      | Killed Pikel
  9221 | D:7      | Reached skill level 7 in Earth Magic
  9662 | D:7      | Found Cegoacas' Gadget Shoppe.
  9783 | D:7      | Found Tuticemia's Book Boutique.
  9817 | D:7      | Found an ancient bone altar of Kikubaaqudgha.
  9820 | D:7      | Offered knowledge of Static Discharge by Vehumet.
  9852 | D:7      | Found Yvam's Food Emporium.
  9901 | D:7      | Found Elauxinla's Distillery.
  9987 | D:7      | Found Methreul's Book Boutique.
 10059 | D:7      | Acquired Vehumet's second power
 10102 | D:7      | Got an ancient short sword
 10103 | D:7      | Identified the +8 short sword of War {venom, rC+ rN+ Str+2 Int-5} (You found it on level 7 of the Dungeon)
 10154 | D:7      | Reached XP level 10. HP: 56/56 MP: 14/25
 10231 | D:7      | Found a bloodstained altar of Trog.
 10402 | D:8      | Found a bloodstained altar of Trog.
 10411 | D:8      | Identified a scroll of acquirement
 10639 | D:8      | Noticed Eustachio
 10648 | D:8      | Killed Eustachio
 10782 | D:8      | Offered knowledge of Dazzling Spray by Vehumet.
 11592 | D:9      | Found a white marble altar of Elyvilon.
 11807 | D:9      | Acquired Vehumet's third power
 11817 | D:9      | Found a shimmering altar of Xom.
 12215 | D:10     | Entered Level 10 of the Dungeon
 12461 | D:10     | Offered knowledge of Bolt of Magma by Vehumet.
 12471 | D:10     | Learned a level 5 spell: Bolt of Magma
 12535 | D:10     | Noticed a green ugly thing
 12713 | D:10     | Killed a green ugly thing
 12713 | D:10     | Reached skill level 8 in Earth Magic
 13037 | D:10     | Reached skill level 5 in Fighting
 13051 | D:10     | Found a stormy altar of Qazlal.
 13063 | D:10     | Found a staircase to the Orcish Mines.
 13076 | D:10     | Reached XP level 11. HP: 63/63 MP: 8/27
 13099 | D:10     | Reached skill level 5 in Maces & Flails
 13099 | D:10     | Reached skill level 5 in Armour
 13133 | D:10     | Noticed Gastronok
 13177 | D:10     | Killed from afar by Gastronok

Action                   |  1- 3 |  4- 6 |  7- 9 | 10-12 || total
-------------------------+-------+-------+-------+-------++-------
Melee: Unarmed           |     8 |       |       |       ||     8
       Club              |    17 |       |       |       ||    17
       Mace              |     3 |    10 |       |       ||    13
       Flail             |       |     3 |   129 |    62 ||   194
       Short sword       |       |       |       |    14 ||    14
 Cast: Sandblast         |    61 |    91 |   171 |    17 ||   340
       Stone Arrow       |       |       |   127 |   153 ||   280
       Stoneskin         |       |       |    18 |     5 ||    23
       Sticky Flame      |       |       |       |     1 ||     1
Evoke: Wand              |       |       |    14 |     1 ||    15
  Use: Scroll            |     7 |     4 |     9 |     7 ||    27
       Potion            |       |     2 |     4 |     1 ||     7
  Eat: Chunk             |     1 |     4 |    11 |     8 ||    24
       Pizza             |       |     1 |       |       ||     1
       Meat ration       |       |     1 |       |       ||     1
       Beef jerky        |       |       |     2 |       ||     2
       Bread ration      |       |       |     1 |       ||     1
       Fruit             |       |       |       |     2 ||     2
